 Dungeon Crawl Stone Soup version 0.29.1-15-g9cfb28693d (webtiles) character file.

Game seed: 14071455643815041364

121 Ast3rio the Cutter (level 5, -2/47 HPs)
             Began as a Gnoll Cinder Acolyte on Mar 7, 2023.
             Was an Elder of Ignis.
             Slain by a gnoll
             ... wielding a +0 club
              (6 damage)
             ... on level 2 of the Dungeon.
             The game lasted 00:06:15 (2461 turns).

Ast3rio the Cutter (Gnoll Cinder Acolyte)           Turns: 2461, Time: 00:06:17

Health: -2/47      AC:  3    Str: 15    XL:     5   Next: 5%
Magic:  1/9        EV: 11    Int: 14    God:    Ignis [****..]
Gold:   121        SH:  0    Dex:  7    Spells: 8/10 levels left

rFire   + + .      SeeInvis .   m - +5 club
rCold   x . .      Faith    .   (no shield)
rNeg    . . .      Spirit   .   b - +0 robe
rPois   .          Reflect  .   q - +0 helmet
rElec   .          Harm     .   (no cloak)
rCorr   .          Rampage  .   (no gloves)
Will    .....                   (no boots)
Stlth   +.........              (no amulet)
HPRegen 0.15/turn               l - ring of fire
MPRegen 0.11/turn               (no ring)

@: no status effects
A: fangs 1, strong nose, distributed training
a: Renounce Religion, Fiery Armour, Foxfire Swarm, Rising Flame


You were on level 2 of the Dungeon.
You worshipped Ignis.
Ignis was greatly pleased with you.
You visited 1 branch of the dungeon, and saw 2 of its levels.

You collected 121 gold pieces.

Inventory:

Hand Weapons
 a - a -1 short sword of flaming
 m - a +5 club (weapon)
Armour
 b - a +0 robe (worn)
 q - a +0 helmet (worn)
Jewellery
 e - a ring of fire
 l - a ring of fire (left hand)
Wands
 n - a wand of flame (28)
Scrolls
 c - a scroll of blinking {unknown}
 d - a scroll of poison {unknown}
 f - 3 scrolls of identify {unknown}
 i - a scroll of enchant weapon {unknown}
 k - 4 scrolls of noise {unknown}
 p - a scroll of immolation {unknown}
Potions
 g - a potion of flight {unknown}
 h - a potion of mutation {unknown}
 j - a potion of berserk rage {unknown}
 o - a potion of heal wounds {unknown}


   Skills:
 + Level 6.6 Fighting
 + Level 6.6 Short Blades
 + Level 1.4 Long Blades
 + Level 1.4 Axes
 + Level 1.4 Maces & Flails
 + Level 1.4 Polearms
 + Level 1.4 Staves
 + Level 1.4 Ranged Weapons
 + Level 1.4 Throwing
 + Level 1.4 Armour
 + Level 1.4 Dodging
 + Level 1.4 Stealth
 + Level 1.4 Shields
 + Level 1.4 Unarmed Combat
 + Level 3.1 Spellcasting
 + Level 1.1 Conjurations
 + Level 1.1 Hexes
 + Level 1.1 Summonings
 + Level 1.1 Necromancy
 + Level 1.1 Translocations
 + Level 1.1 Transmutations
 + Level 5.5 Fire Magic
 + Level 1.1 Ice Magic
 + Level 1.1 Air Magic
 + Level 1.1 Earth Magic
 + Level 1.1 Poison Magic
 + Level 1.5 Invocations
 + Level 1.4 Evocations


You had 8 spell levels left.
You knew the following spells:

 Your Spells              Type           Power      Damage    Failure   Level
a - Scorch                Fire           52%        2d7       3%          2

Your spell library contained the following spells:

 Spells                   Type           Power      Damage    Failure   Level


Dungeon Overview and Level Annotations

Branches:
Dungeon (2/15)

Altars:

Annotations:
D:2 Terence


Innate Abilities, Weirdness & Mutations

You have very sharp teeth.
Your uncanny sense of smell can sniff out nearby items.
Your experience applies equally to all skills.


Message History

You closely miss the gnoll. Your bite misses the gnoll.
The gnoll is lightly wounded.
The gnoll misses you.
The gnoll hits you from afar with a +0 halberd.
You hit the gnoll.
The gnoll is heavily wounded.
The gnoll closely misses you. The gnoll misses you.
The gnoll closely misses you. The gnoll hits you with a +0 club.
Casting: Scorch (safe; 3% risk of failure)
Confirm with . or Enter, or press ? or * to list all spells.
You feel a surge of power!
Flames lash the gnoll.
The gnoll is heavily wounded.
The gnoll's fire resistance burns away.
The gnoll barely misses you. The gnoll hits you with a +0 club.
Casting: Scorch (safe; 3% risk of failure)
Confirm with . or Enter, or press ? or * to list all spells.
You feel a surge of power!
Flames lash the gnoll.
The gnoll is almost dead.
The gnoll's fire resistance burns away.
The gnoll hits you from afar with a +0 halberd!
* * * LOW HITPOINT WARNING * * *
The gnoll barely misses you.
Activating: Foxfire Swarm
Press: ? - help, Dir - look around, f - activate Look: a gnoll, wielding a +0 whip (heavily wounded, more vulnerable to fire) Flames leap up around you!
The gnoll barely misses you. The gnoll hits you with a +0 club.
* * * LOW HITPOINT WARNING * * *
Your foxfire dissipates!
Your foxfire dissipates!
You barely miss the gnoll.
The gnoll is heavily wounded.
The gnoll is no longer more vulnerable to fire.
The gnoll hits you with a +0 club.
* * * LOW HITPOINT WARNING * * *
You closely miss the gnoll.
The gnoll is heavily wounded.
The gnoll is no longer more vulnerable to fire.
The gnoll hits you with a +0 club.
You die...

##########################
..........>.....@ggg.@....
####........#############.
#........# #........#
...........## ...........#
....######.# .... #.# ....
#.#


You could see Terence and 3 gnolls.

Vanquished Creatures
  Jessica (D:2)
  Robin (D:2)
  A gnoll (D:2)
  2 adders (D:2)
  A dart slug (D:1)
  3 ball pythons
  5 endoplasms (D:1)
  3 giant cockroaches (D:1)
  11 goblins
  5 hobgoblins
  2 jackals (D:1)
  4 kobolds
  A quokka (D:2)
  4 bats
  5 frilled lizards
  3 rats (D:1)
52 creatures vanquished.

Vanquished Creatures (others)
  15 foxfires (D:2)
15 creatures vanquished.

Grand Total: 67 creatures vanquished

Notes
Turn   | Place    | Note
-------+----------+-------------------------------------------
     0 | D:1      | Ast3rio the Gnoll Cinder Acolyte began the quest for the
                  | Orb.
     0 | D:1      | Reached XP level 1. HP: 23/23 MP: 4/4
   217 | D:1      | Reached XP level 2. HP: 28/29 MP: 5/5
   735 | D:1      | Found a faded altar of an unknown god.
   739 | D:1      | Learned a level 2 spell: Scorch
  1088 | D:1      | Reached XP level 3. HP: 35/35 MP: 1/7
  1744 | D:2      | Noticed Jessica
  1754 | D:2      | Reached skill level 1 in Invocations
  1756 | D:2      | Killed Jessica
  1757 | D:2      | Reached skill level 1 in Long Blades
  1757 | D:2      | Reached skill level 1 in Axes
  1757 | D:2      | Reached skill level 1 in Maces & Flails
  1757 | D:2      | Reached skill level 1 in Polearms
  1757 | D:2      | Reached skill level 1 in Staves
  1757 | D:2      | Reached skill level 1 in Ranged Weapons
  1757 | D:2      | Reached skill level 1 in Throwing
  1757 | D:2      | Reached skill level 1 in Armour
  1757 | D:2      | Reached skill level 1 in Dodging
  1757 | D:2      | Reached skill level 1 in Stealth
  1757 | D:2      | Reached skill level 1 in Shields
  1757 | D:2      | Reached skill level 1 in Unarmed Combat
  1757 | D:2      | Reached skill level 1 in Evocations
  1757 | D:2      | Reached XP level 4. HP: 28/41 MP: 1/8
  1992 | D:2      | Reached skill level 1 in Conjurations
  1992 | D:2      | Reached skill level 1 in Hexes
  1992 | D:2      | Reached skill level 1 in Summonings
  1992 | D:2      | Reached skill level 1 in Necromancy
  1992 | D:2      | Reached skill level 1 in Translocations
  1992 | D:2      | Reached skill level 1 in Transmutations
  1992 | D:2      | Reached skill level 1 in Ice Magic
  1992 | D:2      | Reached skill level 1 in Air Magic
  1992 | D:2      | Reached skill level 1 in Earth Magic
  1992 | D:2      | Reached skill level 1 in Poison Magic
  2107 | D:2      | Noticed Robin
  2118 | D:2      | Killed Robin
  2451 | D:2      | Reached XP level 5. HP: 47/47 MP: 4/9
  2451 | D:2      | Noticed Terence
  2461 | D:2      | Slain by a gnoll

Illustrated notes

Levels and vault maps discovered:
D:1:      dpeg_arrival_rooms_a, layout_loops_corners,
          shapermc_ecumenical_altar_ellora, hangedman_decor_push
D:2:      minmay_door_path, layout_basic, minmay_hexomino_f4, uniq_terence,
          uniq_robin, uniq_jessica

Skill      XL: |  1  2  3  4 |
---------------+-------------+-----
Invocations    | 1 |  1.5
Long Blades    | 1 |  1.4
Axes           | 1 |  1.4
Maces & Flails | 1 |  1.4
Polearms       | 1 |  1.4
Staves         | 1 |  1.4
Ranged Weapons | 1 |  1.4
Throwing       | 1 |  1.4
Armour         | 1 |  1.4
Dodging        | 1 |  1.4
Stealth        | 1 |  1.4
Shields        | 1 |  1.4
Unarmed Combat | 1 |  1.4
Evocations     | 1 |  1.4
Spellcasting   | 3 |  3.1
Conjurations   | 1 |  1.1
Hexes          | 1 |  1.1
Summonings     | 1 |  1.1
Necromancy     | 1 |  1.1
Translocations | 1 |  1.1
Transmutations | 1 |  1.1
Ice Magic      | 1 |  1.1
Air Magic      | 1 |  1.1
Earth Magic    | 1 |  1.1
Poison Magic   | 1 |  1.1
Fighting       | |  6.6
Short Blades   | |  6.6
Fire Magic     | |  5.5

Action                   |  1- 3 |  4- 6 || total
-------------------------+-------+-------++-------
Melee: Short sword       |    70 |       ||    70
       Bite              |     5 |     2 ||     7
       Punch             |     1 |       ||     1
       Club              |       |    19 ||    19
 Cast: Scorch            |    15 |    16 ||    31
Invok: Foxfire Swarm     |       |     3 ||     3
Armor: Robe              |     8 |     5 ||    13
Dodge: Dodged            |    39 |    24 ||    63
